 Dungeon Crawl Stone Soup version 0.30-b1-2-g02819fbbbe (webtiles) character file.

Game seed: 14123469599610488434

9 Alarkh the Sneak (level 2, 20/24 HPs)
             Began as a Demonspawn Delver on May 22, 2023.
             Quit the game on level 5 of the Dungeon.
             The game lasted 00:00:34 (134 turns).

Alarkh the Sneak (Demonspawn Delver)                 Turns: 134, Time: 00:00:34

Health: 20/24      AC:  3    Str: 12    XL:     2   Next: 3%
Magic:  2/2        EV: 11    Int: 11    God:
Gold:   14         SH:  0    Dex: 14    Spells: 1/1 levels left

rFire   . .          .
                       - Unarmed
rCold   . . .        (no shield)
rNeg    . . .        a - +0 leather armour
rPois   .            (no helmet)
rElec   .            (no cloak)
rCorr   .            (no gloves)
SInv    .            (no boots)
Will    .....        (no amulet)
Stlth   ++           (no ring)
HPRegen 0.24/turn    (no ring)
MPRegen 0.16/turn

%: no passive effects
@: no status effects
A: magic regeneration
a: no special abilities


You were on level 5 of the Dungeon.
You visited 1 branch of the dungeon, and saw 1 of its levels.

You collected 14 gold pieces.

Inventory:

Armour
 a - a +0 leather armour (worn)
Wands
 f - a wand of digging (2)
Scrolls
 b - a scroll of fog
 c - a scroll of magic mapping
 d - a scroll of fear
Potions
 e - a potion of haste
 g - a potion of ambrosia {unknown}


   Skills:
 - Level 3.0 Fighting
 - Level 1.7 Dodging
 - Level 4.5 Stealth
 + Level 2.5 Unarmed Combat


You had one spell level left.
You didn't know any spells.
Your spell library contained the following spells:

 Spells                   Type           Power      Damage    Failure   Level
 Manifold Assault         Tloc           0%         N/A       99%         4
 Dispersal                Tloc           0%         N/A       100%        6
 Disjunction              Tloc           0%         N/A       100%        8


Dungeon Overview and Level Annotations

Branches:
Dungeon (5/15)
 Temple: D:4-7

Altars:
Kikubaaqudgha


Innate Abilities, Weirdness & Mutations

You regenerate magic rapidly.


Message History

An adder comes into view.
Found a book of the Warp.
The adder hisses angrily.
The adder misses you.
You closely miss the adder. The adder closely misses you.
You miss the adder. The adder closely misses you.
You barely miss the adder. The adder bites you.
You are poisoned.
The adder poisons you!
You miss the adder.
You feel sick. The adder closely misses you. The adder completely misses you.
You closely miss the adder.
You feel sick. The adder bites you but does no damage.
You completely miss the adder.
You feel sick. The adder bites you but does no damage.
You hit the adder.
The adder is moderately wounded.
You feel sick.
You are no longer poisoned.
The adder bites you. The adder bites you but does no damage.
You hit the adder.
The adder is severely wounded.
The adder bites you.
You closely miss the adder.
The adder is severely wounded.
The adder barely misses you.
You miss the adder.
The adder is severely wounded.
The adder closely misses you.
You hit the adder.
You kill the adder!
Your Unarmed Combat skill increases to level 2!
You have reached level 2!
Your demonic ancestry asserts itself...
Your magic begins to regenerate rapidly.
You now have 14 gold pieces.
Found an ancient bone altar of Kikubaaqudgha.
You pick up a book of the Warp and begin reading...
You add the spells Manifold Assault, Dispersal and Disjunction to your library.
Are you sure you want to abandon this character and quit the game? (Confirm with "yes".)

..# ### ...#.
..z...#g.g.+.#
##..... .....#
...#.###.......
......#
...#.........# .....
...#@........# +#..$
...#........###
...## #.#...........
#...# #........#.._
#.#.#####.##...[.#
#.#.#............#
###.#>..######.....#
#...#.### #.....#
#.###.#### #.....#


There were no monsters in sight!

Vanquished Creatures
  An adder (D:5)
1 creature vanquished.

Notes
Turn   | Place    | Note
-------+----------+-------------------------------------------
     0 | D:5      | Alarkh the Demonspawn Delver began the quest for the Orb.
     0 | D:5      | Reached XP level 1. HP: 18/18 MP: 1/1
     6 | D:5      | Noticed a gnoll bouda
    61 | D:5      | Noticed a wight
    61 | D:5      | Noticed a wight
   124 | D:5      | Gained mutation: You regenerate magic rapidly. [demonic
                  | ancestry]
   124 | D:5      | Reached XP level 2. HP: 17/24 MP: 2/2
   130 | D:5      | Found an ancient bone altar of Kikubaaqudgha.
   134 | D:5      | Quit the game

Illustrated notes

Levels and vault maps discovered:
D:5:      layout_basic, tgw_kikubaaqudgha, uniq_blork_the_orc

Skill      XL: |  1 |
---------------+----+-----
Unarmed Combat | 2 |  2.5
Fighting       | |  3.0
Dodging        | |  1.7
Stealth        | |  4.5

Action                     || total
---------------------------++-------
  Melee: Unarmed           ||    11
  Evoke: Wand              ||     1
 Armour: Leather armour    ||     3
  Dodge: Dodged            ||     7
